Cogmind - Beta 13 @@@ ROGUE MODE // 2024.05.05 @ 12:15:02 Player: hanna Result: Destroyed by X-57 Shotgunner with Shotgun Performance ------------- Evolutions (2) 1000 Regions Visited (4) 800 Robots Destroyed (35) 175 Value Destroyed (949) 949 Prototype IDs (0) 0 Alien Tech Used (0) 0 Bonus (0) 0 TOTAL SCORE: 2924 Bonus ------- None Cogmind --------- Core Integrity 0/550 Matter 163/300 Energy 99/100 System Corruption 0% Temperature Cool (0) Movement Core (200) Ox3 Location -8/Materials Parts ------- > --- POWER (2) -------- (None) > --- PROPULSION (2) --- (None) > --- UTILITY (5) ------ Medium Storage Unit > --- WEAPON (2) ------- (None) > --- INVENTORY (10) --- Titanium Leg Improved Signal Interpreter Datajack Peak State ------------ > --- POWER ------------ Ion Engine Light Nuclear Core > --- PROPULSION ------- Aluminum Leg Titanium Leg > --- UTILITY ---------- Improved Heat Sink Medium Storage Unit Structural Scanner Hacking Suite Field Recycling Unit > --- WEAPON ----------- Rocket Launcher Improved Grenade Launcher > --- INVENTORY -------- Ion Engine Aluminum Leg Aluminum Leg Improved Signal Interpreter Core Shielding Particle Gun EM Pulse Cannon Autogun Autogun Datajack [Rating: 24] Favorites ----------- Power Ion Engine Engine Ion Engine Power Core Light Nuclear Core Propulsion Aluminum Leg Leg Aluminum Leg Utility Medium Storage Unit Device Field Recycling Unit Storage Medium Storage Unit Hackware Hacking Suite Protection Core Shielding Weapon Autogun Energy Gun Particle Gun Energy Cannon EM Pulse Cannon Ballistic Gun Autogun Launcher Grenade Launcher Special Melee Weapon Datajack Build | -11 -10 -9 -9 -8 ------- Run | Yrd Mat Mat Min Mat Slots Evolved 4 | . . 2 . 2 Power 1 | . . 1 . . Propulsion . | . . . . . Utility 3 | . . 1 . 2 Weapon . | . . . . . Parts Attached 53 | 4 12 19 . 18 Power 6 | . 2 3 . 1 Engine 5 | . 2 2 . 1 Core 1 | . . 1 . . Reactor . | . . . . . Propulsion 10 | 2 . 5 . 3 Treads . | . . . . . Leg 10 | 2 . 5 . 3 Wheel . | . . . . . Hover . | . . . . . Flight . | . . . . . Utility 14 | . 6 3 . 5 Device 5 | . 2 2 . 1 Storage 4 | . 2 1 . 1 Processor . | . . . . . Hackware 1 | . . . . 1 Protection 4 | . 2 . . 2 Artifact . | . . . . . Weapon 23 | 2 4 8 . 9 Energy Gun 6 | 1 2 2 . 1 Energy Cannon 1 | . . . . 1 Ballistic Gun 11 | 1 . 6 . 4 Ballistic Cannon . | . . . . . Launcher 4 | . 2 . . 2 Special Weapon . | . . . . . Impact Weapon . | . . . . . Slashing Weapon . | . . . . . Piercing Weapon . | . . . . . Special Melee Weapon 1 | . . . . 1 Unidentified Prototypes . | . . . . . Parts Lost 21 | . 1 3 . 17 Power 3 | . . . . 3 Propulsion 4 | . . 1 . 3 Utility 7 | . 1 1 . 5 Weapon 7 | . . 1 . 6 Highest Loss Streak 17 | . 1 1 . 17 To Critical Strikes 1 | . . . . 1 Average Slot Usage (%) 87 | . 86 91 100 78 Engine 10 | . 9 13 11 6 Core 3 | . . 2 11 6 Leg 21 | . 28 21 22 14 Device 17 | . 11 21 22 18 Storage 7 | . 2 9 11 9 Protection 3 | . 5 1 . 5 Energy Gun 4 | . 5 3 11 2 Ballistic Gun 10 | . . 17 11 8 Launcher 5 | . 22 . . . Naked Turns . | . . . . . Heaviest Build 92 | 3 92 35 35 40 Greatest Support 27 | 20 20 20 20 27 Greatest Overweight (x) 6 | . 4 3 1 6 Average Overweight (x) . | . . . 1 1 Largest Inventory Capacity 25 | 5 25 10 10 20 Average Capacity 9 | 5 7 9 10 10 Most Carried 10 | 2 8 9 8 10 Average Carried 5 | 1 4 6 8 6 Final Capacity 10 | 5 5 10 10 10 Final Carried 8 | 2 5 8 8 3 Class Distribution -------------------- 90% | Mutant 9% | Scavenger-Mutant Dominant Class ---------------- Mutant | -10/Materials Mutant | -9/Materials Mutant | -9/Mines Mutant | -8/Materials Resources | -11 -10 -9 -9 -8 ----------- Run | Yrd Mat Mat Min Mat Matter Collected 919 | 211 225 395 . 88 Remotely . | . . . . . Salvage Created 921 | . 161 626 . 134 Parts 74 | . 22 37 . 15 Haulers Intercepted 1 | . 1 . . . Recyclers Shooed 1 | . . . . 1 Parts Field Recycled 21 | . . 21 . . Retrieved Matter 220 | . . 220 . . Parts Self-Destructed . | . . . . . Prevented . | . . . . . Kills | -11 -10 -9 -9 -8 ------- Run | Yrd Mat Mat Min Mat Combat Hostiles Destroyed 21 | . 7 12 . 2 Guns 11 | . . 10 . 1 AOE 10 | . 7 2 . 1 Classes Destroyed 11 | . 7 3 . 1 Worker 1 | . 1 . . . Builder 4 | . 2 2 . . Hauler 1 | . 1 . . . Recycler 2 | . 1 1 . . Operator 2 | . . 1 . 1 Watcher 4 | . 2 1 . 1 Swarmer 3 | . 3 . . . Grunt 13 | . 4 9 . . Brawler 1 | . . 1 . . Sentry 3 | . . 2 . 1 Specialist 1 | . . . . 1 Best Kill Streak 9 | . 9 6 . 2 Combat Bots Only 5 | . 5 4 . 2 Max Kills in Single Turn 4 | . 3 4 . 1 Gunslinging . | . . . . . Exploded 2 | . 1 2 . 1 Melee . | . . . . . Uniques/NPCs Destroyed . | . . . . . Combat | -11 -10 -9 -9 -8 -------- Run | Yrd Mat Mat Min Mat Hostile Shots Fired 271 | . 15 75 . 181 Missed 93 | . 6 21 . 66 Damage Taken 2678 | . 168 759 . 1751 Core 709 | . . 157 . 552 Absorbed by Shields . | . . . . . Redirected to Shielding 51 | . . . . 51 Regen/Repaired (Parts) 16 | . . 16 . . Core Remaining (%) 86 | 100 100 . 60 . Volleys Fired 70 | . 13 32 . 25 Largest 2 | . 2 2 . 2 Hottest 128 | . 60 88 . 128 Shots Fired 129 | . 26 59 . 44 Gun 94 | . . 59 . 35 Cannon 5 | . . . . 5 Launcher 30 | . 26 . . 4 Special . | . . . . . Kinetic 76 | . . 53 . 23 Thermal 17 | . . 5 . 12 Explosive 30 | . 26 . . 4 Electromagnetic 6 | . . 1 . 5 Robot Hit Streak 12 | . 3 12 . 10 Robot Miss Streak 3 | . 2 2 . 3 Penetration Max . | . . . . . Secondary Targets 5 | . . 5 . . Max Gunslinging Chain 1 | . . 1 . . Shots Hit Robots 79 | . 10 45 . 24 Core Hits 63 | . 25 29 . 9 Critical Kills . | . . . . . Critical Parts Destroyed 1 | . . 1 . . Critical Strikes 2 | . . 1 . 1 Burn 1 | . . . . 1 Destroy 1 | . . 1 . . Melee Attacks . | . . . . . Impact . | . . . . . Slashing . | . . . . . Piercing . | . . . . . Sneak Attacks . | . . . . . Combat Hostiles . | . . . . . Follow-up Attacks . | . . . . . Damage Inflicted 2576 | . 1090 1023 . 463 Guns 1075 | . . 765 . 310 Cannons 86 | . . . . 86 Explosions 1410 | . 1090 253 . 67 Melee . | . . . . . Ramming 5 | . . 5 . . Kinetic 889 | . . 699 . 190 Thermal 241 | . . 121 . 120 Explosive 1334 | . 1090 177 . 67 Electromagnetic 107 | . . 21 . 86 Impact . | . . . . . Slashing . | . . . . . Piercing . | . . . . . Highest Corruption 2 | . . 2 2 . Average Corruption 1 | . . 1 2 . Corruption Purged . | . . . . . Corruption Blocked . | . . . . . Effects 11 | . . 9 2 . Message Errors 3 | . . 3 . . Matter Fused 2 | . . 1 1 . Heat Flow Errors 1 | . . . 1 . Energy Discharges 1 | . . 1 . . Parts Rejected 1 | . . 1 . . Data Loss (minor) 1 | . . 1 . . Misfires 1 | . . 1 . . Alerts 1 | . . 1 . . Overload Shots . | . . . . . Overflow Damage 173 | . 27 54 . 92 Projectiles . | . . . . . Explosions 173 | . 27 54 . 92 Melee . | . . . . . Knockbacks . | . . . . . Impact . | . . . . . Kinetic . | . . . . . Secondary . | . . . . . Self-Inflicted Damage 373 | . 39 93 . 241 Shots 8 | . 3 1 . 4 Rammed . | . . . . . Targets Rammed 1 | . . 1 . . Kicked 1 | . . 1 . . Crushed . | . . . . . Highest Temperature 502 | . 15 109 86 502 Average Temperature 118 | . 8 32 49 259 Received Heat Transfer 693 | . 60 354 . 279 Effects 5 | . . . . 5 Shutdowns 1 | . . . . 1 Energy Bleed 1 | . . . . 1 Short Circuit 1 | . . . . 1 Damage (major) 2 | . . . . 2 Siege Activations . | . . . . . Robots Corrupted . | . . . . . Combat Hostiles . | . . . . . Parts Fried . | . . . . . Impact Corruptions . | . . . . . Robots Melted . | . . . . . Combat Hostiles . | . . . . . Parts Melted 1 | . . . . 1 Heat Transferred 531 | . . 161 . 370 Parts Sabotaged . | . . . . . Parts Stolen . | . . . . . Parts Stripped . | . . . . . Power Chain Reactions 1 | . . 1 . . Alert | -11 -10 -9 -9 -8 ------- Run | Yrd Mat Mat Min Mat Peak Influence 357 | . 357 290 112 171 Initial 112 | . . 66 112 43 Average 125 | . 174 145 112 64 Maximum Alert Level 1 | . 1 1 . . Low Security (%) 77 | 100 67 63 100 100 Level 1 22 | . 32 36 . . Level 2 . | . . . . . Level 3 . | . . . . . Level 4 . | . . . . . Level 5 . | . . . . . High Security . | . . . . . Max Security . | . . . . . Squads Dispatched 4 | . . 2 . 2 Investigation 1 | . . . . 1 Extermination . | . . . . . Reinforcement 3 | . . 2 . 1 Assault . | . . . . . Garrison . | . . . . . Intercept . | . . . . . Searches Triggered . | . . . . . Construction Impeded . | . . . . . Haulers Reinforced . | . . . . . Active Scanning Responses . | . . . . . Cargo Convoy Interrupts . | . . . . . Stealth | -11 -10 -9 -9 -8 --------- Run | Yrd Mat Mat Min Mat Distress Signals 2 | . 1 . . 1 Communications Jammed . | . . . . . Distress Signals . | . . . . . Times Spotted 40 | . 11 18 . 11 Peak Tracking Total 5 | . 5 4 . 4 Tactical Retreats 2 | . 1 1 . . Traps | -11 -10 -9 -9 -8 ------- Run | Yrd Mat Mat Min Mat Traps Triggered 3 | . 1 2 . . Indirectly . | . . . . . Trap Hack Attempts . | . . . . . Triggered . | . . . . . Disarmed . | . . . . . Reprogrammed 3 | . . . . 3 Reused 1 | . . . . 1 Traps Extracted . | . . . . . Installed . | . . . . . Triggered 1 | . . . . 1 Machines | -11 -10 -9 -9 -8 ---------- Run | Yrd Mat Mat Min Mat Machines Disabled 7 | . 3 2 . 2 Max in Single Turn 2 | . 1 2 . 2 Machines Repaired . | . . . . . Machines Dismantled . | . . . . . Machines Sabotaged . | . . . . . Overloaded Fab Kills . | . . . . . Hacking | -11 -10 -9 -9 -8 --------- Run | Yrd Mat Mat Min Mat Machines Accessed 9 | . 4 2 . 3 Terminals 7 | . 4 1 . 2 Fabricators . | . . . . . Repair Stations 1 | . . 1 . . Recycling Units 1 | . . . . 1 Scanalyzers . | . . . . . Garrison Access . | . . . . . Total Hacks 15 | . 5 3 . 7 Successful 11 | . 4 3 . 4 Failed 4 | . 1 . . 3 Catastrophic 1 | . 1 . . . Database Lockouts . | . . . . . Manual . | . . . . . Terminals 10 | . 5 1 . 4 Fabricators . | . . . . . Repair Stations 2 | . . 2 . . Recycling Units 3 | . . . . 3 Scanalyzers . | . . . . . Garrison Access . | . . . . . Terminal Hacks 6 | . 4 1 . 1 Emergency Access Points 1 | . . 1 . . Alert Level 1 | . 1 . . . Reprogram Traps 1 | . . . . 1 Maintenance Status 1 | . 1 . . . Zone Layout 2 | . 2 . . . Fabricator Hacks . | . . . . . Repair Station Hacks 2 | . . 2 . . Scan Component 1 | . . 1 . . Repair 1 | . . 1 . . Recycling Unit Hacks 3 | . . . . 3 Recycle Component 1 | . . . . 1 Process 1 | . . . . 1 Retrieve Matter 1 | . . . . 1 Scanalyzer . | . . . . . Garrison Access Hacks . | . . . . . Unauthorized Hacks . | . . . . . Terminals . | . . . . . Fabricators . | . . . . . Repair Stations . | . . . . . Recycling Units . | . . . . . Scanalyzers . | . . . . . Garrison Access . | . . . . . Data Cores Recovered 1 | . . . . 1 Used 1 | . . . . 1 Hacking Detections 4 | . 1 2 . 1 Full Trace Events . | . . . . . Feedback Events . | . . . . . Feedback Blocked . | . . . . . Robot Schematics Acquired . | . . . . . Robots Built . | . . . . . Authchips . | . . . . . Time . | . . . . . Total Robot Build Rating . | . . . . . Part Schematics Acquired . | . . . . . Parts Built . | . . . . . Authchips . | . . . . . Time . | . . . . . Total Part Build Rating . | . . . . . Parts Repaired 1 | . . 1 . . Time 26 | . . 26 . . Parts Recycled 1 | . . . . 1 Recycled Matter 39 | . . . . 39 Retrieved Matter 39 | . . . . 39 Retrieved Components . | . . . . . Parts Scanalyzed . | . . . . . Part Schematics Acquired . | . . . . . Parts Damaged . | . . . . . Bothacking | -11 -10 -9 -9 -8 ------------ Run | Yrd Mat Mat Min Mat Used RIF Installer . | . . . . . Robots Hacked . | . . . . . Non-combat . | . . . . . Combat . | . . . . . Robot Hacks Applied . | . . . . . Relay Couplers Released . | . . . . . Fabnet Peak Effective % . | . . . . . Robots Rewired . | . . . . . Allies Hacked . | . . . . . Hacks Repelled . | . . . . . Allies | -11 -10 -9 -9 -8 -------- Run | Yrd Mat Mat Min Mat Total Allies . | . . . . . Largest Group . | . . . . . Highest-Rated Group . | . . . . . Highest-Rated Ally . | . . . . . Total Orders . | . . . . . Ally Attacks . | . . . . . Total Damage . | . . . . . Kills . | . . . . . Allies Corrupted . | . . . . . Allies Melted . | . . . . . Intel | -11 -10 -9 -9 -8 ------- Run | Yrd Mat Mat Min Mat Robot Analysis Total . | . . . . . Derelict Logs Recovered 1 | . . . 1 . Drone Launches . | . . . . . Drone Recoveries . | . . . . . Exploration | -11 -10 -9 -9 -8 ------------- Run | Yrd Mat Mat Min Mat Turns Passed 1906 | 51 478 731 151 495 Spaces Moved 887 | 42 263 299 80 203 Core 56 | 13 . . . 43 Treads . | . . . . . Legs 831 | 29 263 299 80 160 Wheels . | . . . . . Hover . | . . . . . Flight . | . . . . . Fastest Speed 50 | 50 120 120 190 190 Average Speed 168 | 98 131 188 190 194 Slowest Speed 400 | 120 400 330 190 350 Overloaded Moves . | . . . . . Propulsion Burnouts . | . . . . . Robots Hopped . | . . . . . Cave-ins Triggered . | . . . . . Exploration Rate (%) 22 | 3 48 25 18 18 Regions Visited 4 Branch Regions 1 Pre-discovered Areas . | . . . . . Known Exits Taken . | . . . . . Unknown Exits Taken 4 | 1 1 1 1 . Scrap Searched . | . . . . . Spaces Dug . | . . . . . Terrain Destroyed 207 | . 124 19 . 64 Melee . | . . . . . Projectile . | . . . . . AOE 207 | . 124 19 . 64 Terrain Rammed . | . . . . . Walls Destroyed . | . . . . . Machines Disabled . | . . . . . Actions | -11 -10 -9 -9 -8 --------- Run | Yrd Mat Mat Min Mat Total 1176 | 51 370 414 79 262 Wait 102 | . 59 38 . 5 Move 883 | 41 262 298 79 203 Hop . | . . . . . Pick Up 48 | 6 16 18 . 8 Fast Attach . | . . . . . Attach 29 | 4 6 9 . 10 Detach . | . . . . . Swap 24 | . 6 10 . 8 Drop 19 | . 8 8 . 3 Fire 70 | . 13 32 . 25 Melee . | . . . . . Ram . | . . . . . Kick 1 | . . 1 . . Crush . | . . . . . Escape Stasis . | . . . . . Rewire . | . . . . . Trap . | . . . . . Miscellaneous . | . . . . . Route ------- -11/Scrapyard -10/Materials -9/Materials -9/Mines -8/Materials History --------- Turn | Location | Event 10 | -11/Scrapyard | Discovered new exit (range 15) 52 | -11/Scrapyard | Entered Materials 315 | -10/Materials | Build established: Mutant 333 | -10/Materials | Discovered new exit (range 15) 530 | -10/Materials | Entered another Materials area 530 | -9/Materials | Evolved 2 slots: Power x1, Utility x1 769 | -9/Materials | Repaired Ion Engine 1121 | -9/Materials | Discovered new exit (range 15) 1261 | -9/Materials | Entered Mines 1273 | -9/Mines | Learned location of 1 exit from Lower Caves 1292 | -9/Mines | Met a Derelict bent on vengeance 1396 | -9/Mines | Discovered new exit (range 8) 1412 | -9/Mines | Entered Materials 1412 | -8/Materials | Evolved 2 slots: Utility x2 1828 | -8/Materials | Core integrity fell below 50% 1879 | -8/Materials | Lost 17 parts (3p3n5u6w) 1889 | -8/Materials | Core integrity fell below 20% 1907 | -8/Materials | Destroyed by X-57 Shotgunner with Shotgun Last Messages --------------- K-01 Serf collects debris. Titanium Leg broken. Overheating: Short circuit. Hacking Suite destroyed. K-01 Serf collects debris. Autogun destroyed. K-01 Serf collects debris. Structural Scanner destroyed. K-01 Serf collects debris. Aluminum Leg destroyed. K-01 Serf collects debris. Aluminum Leg destroyed. Autogun destroyed. K-01 Serf collects debris. Critical hit (Destroy). Field Recycling Unit destroyed. K-01 Serf collects debris. Core Shielding destroyed. Critical hit (Burn: +37). U-05 Engineer builds a Wall. Map ----- +----------------------------------------------------+ | ????????????????????? ?## ##??????? | | ????????????????????# ### ######### | | ????????????????????## #### ######### | | ????????????????????## #### # # | | ????????????????????## #### # """ # | | ????????????????????## #### # "T" # | | ????????????????????## #### # # | | ???????????????####### #### # # | | ???????????????####### #### + # | | ??????????????? # """ # | | ??????????????? # """ # | | ??????????????? # """ # | | ????????????????#######+##### # # | | ????????????????###### # # # | | ????????????????????## ! # ######### | | ????????????????????## + ######### | | ????????????????????## % # ##??????? | | ????????????????????## "Y" # ##??????? | | ??????????????????#### """ # ##??????? | | ??????????????????########### ##??????? | | ??????????????????## # ##??????? | | ??????????????????## # ##??????? | | ??????????????????## + ##??????? | | ??????????????????## # ##??????? | | ??????????????????## # ##??????? | | ??????????????????## @ # ##??????? | | ??????????????????## # ##??????? | | ??????????????????## # %##??????? | | ??????????????????## # ##??????? | | ??????????????????###x####### ##??????? | | ??????????????????###g####### ##??????? | | ?????????????? ###### ##???## ######### | | ?????????????? ###### ####?## ######### | | ?????????????? # # ####?## # ## | | ?????????????? # T # ##?## # ## | | ?????????????? # + ##?## # """ ## | | ?????????????? # # ##?## + """ ## | | ?????????????? # + ##?## # """ ## | | ?????????????? # ! # ##### # %## | | ??????????????## # ##### ##/###### | | ??????????????## # ####! # ###### | | ??????????????## # # ##???? | | ??????????????####### T # #####? | | ??????????????####### # ###### | | ???????????????????######### # !### | | ????????????########### ####### !## | | ????????????########### # ##### !## | | ???????????? !## | | ???????????? ##### !## | | ???????????? ##### !### | +----------------------------------------------------+ Best States ------------- Heat Dissipation 45 Energy Generation 19 Energy Capacity 400 Matter Stores 300 Matter Capacity 300 Sight Range 16 Robot Scan Range 14 Terrain Scan Range 14 Terrain Scan Density 10 Core Shielding 20 Evasion (%) 55 Offensive Hacking 10 Item Schematics ----------------- None Robot Schematics ------------------ None Fabricated ------------ Nothing Alien Tech Used ----------------- None Achievements -------------- Dynamic Key Challenges ------------ None Game ------ Seed AbsorptionSpikedMachine Manual? 0 Play Time 00:25:47 Cumulative 19.3 hours Start 2024.05.05 @ 11:49:56 End 2024.05.05 @ 12:15:02 Sessions 1 Manual Loads 0 Difficulty Rogue Special Mode None Game No. 33 Rogue 33 Adventurer 0 Explorer 0 Win Type - Total 0 Types 0/0/0/0/0/0/0/0/0 Lore% 17 Gallery% 22 Achievement% 18 Wizard Run 0 Options --------- Layout 1 ASCII 0 Keyboard 0 Movement Mouse Keybinds 0 Fullscreen 1 Font 24/Terminus Map View 50x35 Zoom Use 0% Tactical HUD 0 Map Filters NONE Filters NONE Steam 1 RUN: 18309a45-d60e-4bea-b7b0-4475d1afb945